[Event "*** Titled Tuesday 3|2 Blitz"]
[Site "Chess.com"]
[Date "2017.03.07"]
[Round "1"]
[White "JeremDev"]
[Black "chito89"]
[Result "0-1"]
[WhiteElo "2222"]
[BlackElo "2508"]
[TimeControl "180+2"]
[EndTime "13:01:29 PST"]
[Termination "chito89 won by resignation"]

1. e4 d6 2. d4 Nf6 3. Nc3 g6 4. Nge2 Bg7 5. h3 O-O 6. g4 e5 7. Bg2 exd4 8. Nxd4 Re8 9. O-O Nc6 10. Nxc6 bxc6 11. Re1 Rb8 12. Rb1 Nd7 13. f4 Bxc3 0-1

[Event "*** Titled Tuesday 3|2 Blitz"]
[Site "Chess.com"]
[Date "2017.03.07"]
[Round "1"]
[White "jcibarra"]
[Black "MyleneFarmer"]
[Result "1-0"]
[WhiteElo "2666"]
[BlackElo "2355"]
[TimeControl "180+2"]
[EndTime "13:02:40 PST"]
[Termination "jcibarra won by checkmate"]

1. e4 c5 2. Nf3 d6 3. d4 cxd4 4.
Nxd4 Nf6 5. Nc3 g6 6. Be3 Bg7 7. f3 O-O 8. Qd2 Nc6 9. O-O-O d5 10. Kb1 e5 11. Nxc6 bxc6 12. exd5 Nxd5 13. Nxd5 cxd5 14.
Qxd5 Qc7 15. Qxa8 Bf5 16. Qd5 Qxc2+ 17. Ka1 Rb8 18. Bb5 a6 19. Qd8+ Rxd8 20. Rxd8+ Bf8 21. Bh6 axb5 22. Rxf8# 1-0

[Event "*** Titled Tuesday 3|2 Blitz"]
[Site "Chess.com"]
[Date "2017.03.07"]
[Round "1"]
[White "eugeniusjr"]
[Black "afgano29"]
[Result "0-1"]
[WhiteElo "1840"]
[BlackElo "2412"]
[TimeControl "180+2"]
[EndTime "13:02:54 PST"]
[Termination "afgano29 won by resignation"]

1. c4 Nf6 2. g3 e5 3. Bg2 d5 4.
cxd5 Nxd5 5. Nc3 Nb6 6. Nf3 Nc6 7. a3 Be7 8. O-O g5 9. d4 exd4 10. Nb5 Bf6 11. e3 dxe3 12. Qxd8+ Bxd8 13. Bxe3 g4 14. Nfd4 Nxd4 15. Bxd4 0-1

[Event "*** Titled Tuesday 3|2 Blitz"]
[Site "Chess.com"]
[Date "2017.03.07"]
[Round "1"]
[White "MaestroASK"]
[Black "Jadeit90"]
[Result "1-0"]
[WhiteElo "2485"]
[BlackElo "2150"]
[TimeControl "180+2"]
[EndTime "13:03:09 PST"]
[Termination "MaestroASK won by resignation"]

1. g3 g6 2. Bg2 Bg7 3. c3 Nf6 4. e4 O-O 5. f4 d5 6. e5 Ne4 7. b4 f6 8. d3 fxe5 9. dxe4 e6 10. exd5 exf4 11. Bxf4 g5 12. Be3 Qe7 13. Bc5 1-0

[Event "*** Titled Tuesday 3|2 Blitz"]
[Site "Chess.com"]
[Date "2017.03.07"]
[Round "1"]
[White "attack2mateU"]
[Black "OldweakGM"]
[Result "1/2-1/2"]
[WhiteElo "2345"]
[BlackElo "2606"]
[TimeControl "180+2"]
[EndTime "13:03:28 PST"]
[Termination "Game drawn by repetition"]

1. e4 c5 2. Nf3 d6 3. d4 cxd4 4.
Nxd4 Nf6 5. Nc3 a6 6. f3 e6 7. Be3 b5 8. Qd2 Nfd7 9. a4 bxa4 10. Rxa4 Bb7 11. Be2 Be7 12. O-O O-O 13. Rfa1 Qc7 14.
Rc4 Qd8 15. Rb4 Qc7 16. Rc4 Qd8 17. Rca4 Qc7 18. Rc4 1/2-1/2

[Event "*** Titled Tuesday 3|2 Blitz"]
[Site "Chess.com"]
[Date "2017.03.07"]
[Round "1"]
[White "PaulfromSPb"]
[Black "coalescenet"]
[Result "1-0"]
[WhiteElo "2546"]
[BlackElo "2233"]
[TimeControl "180+2"]
[EndTime "13:03:46 PST"]
[Termination "PaulfromSPb won by resignation"]

1. e4 c6 2. d4 d5 3. Nd2 dxe4 4. Nxe4 Bf5 5. Ng3 Bg6 6. Nh3 Nf6 7. Nf4 e5 8. dxe5 Qa5+ 9. Bd2 Qxe5+ 10. Be2 Be7 11.
Nxg6 hxg6 12. Bc3 Qc7 13. Qd2 Nbd7 14. O-O-O O-O 15. h4 Rad8 16. h5 Nc5 17. Qe1 g5 18. h6 g6 19. Rxd8 Rxd8 20. h7+ Kh8 21. Bc4 Rf8 22.
Be5 Qa5 23. Qxa5 1-0

[Event "*** Titled Tuesday 3|2 Blitz"]
[Site "Chess.com"]
[Date "2017.03.07"]
[Round "1"]
[White "Cayse"]
[Black "pedroholly22"]
[Result "1-0"]
[WhiteElo "2556"]
[BlackElo "2282"]
[TimeControl "180+2"]
[EndTime "13:04:04 PST"]
[Termination "Cayse won by checkmate"]

1. e4 c5 2. Nf3 d6 3. d4 cxd4 4.
Nxd4 Nf6 5. Nc3 a6 6. Be2 e5 7. Nb3 Be6 8. Bg5 Be7 9. Bxf6 Bxf6 10. Qd3 O-O 11. O-O-O Be7 12. g3 Nc6 13. Kb1 Rc8 14. f4 Na5 15. Rhe1 Qb6 16. f5 Bc4 17. Qf3 Nxb3 18. axb3 Bxe2 19. Rxe2 Bd8 20. Nd5 Qc6 21. f6 g6 22. g4 a5 23. Qe3 Kh8 24. Qh6 Rg8 25. Rd3 a4 26. Qxh7+ Kxh7 27. Rh3# 1-0

[Event "*** Titled Tuesday 3|2 Blitz"]
[Site "Chess.com"]
[Date "2017.03.07"]
[Round "1"]
[White "GMOratovsky"]
[Black "aa175"]
[Result "1-0"]
[WhiteElo "2414"]
[BlackElo "1852"]
[TimeControl "180+2"]
[EndTime "13:04:49 PST"]
[Termination "GMOratovsky won by checkmate"]

1. e4 e5 2. Nf3 Nc6 3. d4 exd4 4.
Nxd4 Nxd4 5. Qxd4 Nf6 6. e5 Ng8 7.
Nc3 Be7 8. Bc4 d6 9. exd6 Bxd6 10. Qxg7 Qe7+ 11. Be3 Be5 12. Bxf7+ Kd8 13. O-O-O+ Bd7 14. Qg5 Bf6 15. Qd5 c6 16. Qb3 Bxc3 17. Bxg8 Be5 18.
Be6 Bd6 19. Bxd7 Qxd7 20. Rxd6 Qxd6 21. Rd1 Qxd1+ 22. Kxd1 Kc7 23. Bf4+ Kd7 24. Qf7+ Kd8 25. Qc7+ Ke8 26. Bd6 Rd8 27. Qe7# 1-0

[Event "*** Titled Tuesday 3|2 Blitz"]
[Site "Chess.com"]
[Date "2017.03.07"]
[Round "1"]
[White "jcgs1030"]
[Black "Tash_Boy"]
[Result "1-0"]
[WhiteElo "2294"]
[BlackElo "2528"]
[TimeControl "180+2"]
[EndTime "13:04:51 PST"]
[Termination "jcgs1030 won by resignation"]

1. e4 e5 2. Nf3 Nc6 3. Bb5 a6 4.
Ba4 Nf6 5. O-O Be7 6. c3 Nxe4 7.
Re1 Nf6 8. Nxe5 Nxe5 9. Rxe5 O-O 10. d4 d6 11. Re1 Bg4 12. Qd3 d5 13. Bg5 Bh5 14.
Nd2 Bg6 15. Qe3 Ne4 16. Bxe7 Qxe7 17. f3 f5 18. Bb3 f4 19. Qe2 Kh8 20. Bxd5 Qg5 21.
Bxe4 Rae8 22. Qd3 Bf7 23. Bxb7 Be6 24. Re5 Qh4 25. Rae1 1-0

[Event "*** Titled Tuesday 3|2 Blitz"]
[Site "Chess.com"]
[Date "2017.03.07"]
[Round "1"]
[White "GulamaliRises"]
[Black "cheese111"]
[Result "0-1"]
[WhiteElo "2519"]
[BlackElo "2274"]
[TimeControl "180+2"]
[EndTime "13:04:51 PST"]
[Termination "cheese111 won by resignation"]

1. e4 d5 2. exd5 Nf6 3. d4 Bg4 4.
Nf3 Qxd5 5. Be2 Nc6 6. c4 Qf5 7. Be3 O-O-O 8. Nbd2 Bxf3 9. Nxf3 e5 10. d5 Bb4+ 11. Bd2 Bxd2+ 12. Qxd2 e4 13. Nd4 Nxd4 14. Qxd4 Kb8 15. O-O c6 16. d6 c5 17. Qd2 Rd7 18.
Rfd1 Rhd8 19. Qe3 Qe5 20. f4 Qf5 21. b3 Rxd6 22. Rd5 Nxd5 0-1

[Event "*** Titled Tuesday 3|2 Blitz"]
[Site "Chess.com"]
[Date "2017.03.07"]
[Round "1"]
[White "ER404"]
[Black "Alex_Molchanov"]
[Result "1-0"]
[WhiteElo "2205"]
[BlackElo "2467"]
[TimeControl "180+2"]
[EndTime "13:04:51 PST"]
[Termination "ER404 won by checkmate"]

1. e4 c5 2. c3 e6 3. d4 d5 4. e5 Nc6 5. Nf3 Qb6 6. Bd3 Bd7 7.
O-O cxd4 8. cxd4 Nxd4 9. Ng5 h6 10. Qh5 g6 11. Bxg6 fxg6 12. Qxg6+ Ke7 13. Qf7+ Kd8 14. Qxf8+ Kc7 15. Qxa8 hxg5 16. Be3 Qxb2 17. Nc3 Nc2 18. Rac1 Bc6 19. Ne2 Nxe3 20. fxe3 Qxe2 21. Rf7+ Kb6 22.
Rxc6+ bxc6 23. Qxa7+ Kb5 24. Rb7+ Kc4 25. Qd4# 1-0

[Event "*** Titled Tuesday 3|2 Blitz"]
[Site "Chess.com"]
[Date "2017.03.07"]
[Round "1"]
[White "denizozen"]
[Black "escher"]
[Result "1-0"]
[WhiteElo "2461"]
[BlackElo "2078"]
[TimeControl "180+2"]
[EndTime "13:04:53 PST"]
[Termination "denizozen won by resignation"]

1. e4 c5 2. Nf3 Nc6 3. Bb5 g6 4.
O-O Bg7 5. Re1 e5 6. c3 Nge7 7. Na3 O-O 8. Nc2 a6 9. Bf1 d5 10. exd5 Nxd5 11. d4 cxd4 12. cxd4 Bg4 13. dxe5 Nxe5 14.
Be2 Nxf3+ 15. Bxf3 Bxf3 16. Qxf3 Qc7 17. Qxd5 Qxc2 18. Qxb7 Rfb8 19. Qf3 Bxb2 20. Bxb2 Qxb2 21. h3 Qb7 22. Re8+ 1-0

[Event "*** Titled Tuesday 3|2 Blitz"]
[Site "Chess.com"]
[Date "2017.03.07"]
[Round "1"]
[White "P0ubelle"]
[Black "Malev212"]
[Result "0-1"]
[WhiteElo "2035"]
[BlackElo "2449"]
[TimeControl "180+2"]
[EndTime "13:04:53 PST"]
[Termination "Malev212 won by resignation"]

1. e4 g6 2. d4 Bg7 3. Nc3 c6 4.
Nb1 d5 5. Nc3 Nh6 6. Be3 dxe4 7.
Nxe4 Nf5 8. c3 Nxe3 9. fxe3 O-O 10. Nf3 Nd7 11. Bd3 e5 12. O-O Qe7 13. Bc2 f5 14.
Nf2 e4 15. Nd2 Nf6 16. Bb3+ Kh8 17. Qe2 Bd7 18. Nh3 Rae8 19. Nf4 g5 20. Nh5 Nxh5 21. Qxh5 f4 22. exf4 gxf4 23. Rae1 e3 24. Nf3 Bf5 25.
Ng5 Bg6 26. Qg4 h5 27. Qh4 Bf6 28. Nf7+ Bxf7 29. Qxf4 Bxb3 30. axb3 Bg7 31. Qg3 Rxf1+ 32. Kxf1 e2+ 33. Kg1 Bh6 34. Qf3 Qe3+ 35. Kh1 Qxf3 36. gxf3 Bd2 0-1

[Event "*** Titled Tuesday 3|2 Blitz"]
[Site "Chess.com"]
[Date "2017.03.07"]
[Round "1"]
[White "amaidel"]
[Black "Carolina-moon"]
[Result "1-0"]
[WhiteElo "2457"]
[BlackElo "2077"]
[TimeControl "180+2"]
[EndTime "13:05:01 PST"]
[Termination "amaidel won by resignation"]

1. e4 c5 2. Nf3 d6 3. d4 Nf6 4. Nc3 cxd4 5. Nxd4 a6 6. f4 e5 7. Nf3 Nbd7 8. a4 Be7 9. Bc4 O-O 10. O-O Re8 11. Kh1 b6 12. fxe5 Nxe5 13. Nxe5 dxe5 14. Qf3 Qd4 15. Bb3 Bc5 16. Bg5 Be6 17.
Bxf6 Bxb3 18. Qg3 1-0

[Event "*** Titled Tuesday 3|2 Blitz"]
[Site "Chess.com"]
[Date "2017.03.07"]
[Round "1"]
[White "tjallkompall"]
[Black "proxy6"]
[Result "1-0"]
[WhiteElo "2476"]
[BlackElo "2142"]
[TimeControl "180+2"]
[EndTime "13:05:21 PST"]
[Termination "tjallkompall won by resignation"]

1. c4 e5 2. Nc3 Nc6 3. Nf3 Bc5 4.
e3 d6 5. d4 exd4 6. exd4 Bb6 7. Be2 Nge7 8. Bg5 f6 9. Be3 O-O 10. O-O a6 11. c5 Ba7 12. cxd6 cxd6 13. d5 Bxe3 14. dxc6 Ba7 15. cxb7 Bxb7 16. Qb3+ d5 17. Qxb7 d4 18. Bc4+ Kh8 19. Nd5 Nxd5 20. Qxd5 Qb6 21. b3 Rad8 22. Qf5 Rfe8 23. Bd3 g6 24. Qh3 Kg7 25. Rfe1 Qd6 26. Rxe8 Rxe8 27. Re1 Rxe1+ 28. Nxe1 Bc5 29. Nc2 a5 30. Qf3 Qe5 31. Qe4 Qc7 32.
g3 Qd7 33. h4 1-0

[Event "*** Titled Tuesday 3|2 Blitz"]
[Site "Chess.com"]
[Date "2017.03.07"]
[Round "1"]
[White "LuckyTiger"]
[Black "MattyDPerrine"]
[Result "1-0"]
[WhiteElo "2506"]
[BlackElo "2191"]
[TimeControl "180+2"]
[EndTime "13:05:44 PST"]
[Termination "LuckyTiger won by resignation"]

1. e4 c5 2. c3 Nf6 3. e5 Nd5 4. Nf3 e6 5. d4 cxd4 6. Bc4 Nb6 7. Bb3 d6 8. exd6 Qxd6 9. cxd4 Be7 10. Nc3 O-O 11.
O-O Nc6 12. a3 Na5 13. Ba2 Bd7 14. Ne5 Bc6 15. b4 Nac4 16. Bxc4 Nxc4 17. Nxc4 Qc7 18.
Ne5 Bxg2 19. Kxg2 Qxc3 20. Be3 Qc7 21. Rc1 Qd8 22. Qf3 Rb8 23. Kh1 f6 24. Nd3 Bd6 25.
Rg1 b6 26. Rc6 Qd7 27. Bf4 Bxf4 28. Nxf4 Rbe8 29. Nh5 g6 30. Nf4 e5 31. Qd5+ Qxd5+ 32. Nxd5 Kg7 33. Nc7 1-0

[Event "*** Titled Tuesday 3|2 Blitz"]
[Site "Chess.com"]
[Date "2017.03.07"]
[Round "1"]
[White "Cecile_Haussernot"]
[Black "ftorodent"]
[Result "1-0"]
[WhiteElo "2271"]
[BlackElo "2510"]
[TimeControl "180+2"]
[EndTime "13:05:50 PST"]
[Termination "Cecile_Haussernot won by resignation"]

1. Nf3 d5 2. g3 c6 3. Bg2 Bg4 4.
O-O Nd7 5. d3 Ngf6 6. Nbd2 e5 7.
e4 dxe4 8. dxe4 Be7 9. Qe2 O-O 10.
h3 Bh5 11. g4 Bg6 12. Nh4 Re8 13. Nc4 Qc7 14. Bd2 Bxe4 15. Bxe4 Nxe4 16. Qxe4 Bxh4 17. g5 b5 18. Na3 Bxg5 19. Bxg5 Nf8 20. Rad1 h6 21.
Be3 Qc8 22. Kh2 f5 23. Qg2 Re6 24. Rg1 Rg6 25. Qf3 Qe6 26. Qh5 Kh7 27. c3 f4 28.
Bc5 Rxg1 29. Rxg1 Ng6 30. Rd1 Qxa2 31. Qf5 b4 32. Rg1 1-0

[Event "*** Titled Tuesday 3|2 Blitz"]
[Site "Chess.com"]
[Date "2017.03.07"]
[Round "1"]
[White "Grootneus"]
[Black "Kouzari"]
[Result "1-0"]
[WhiteElo "2150"]
[BlackElo "2473"]
[TimeControl "180+2"]
[EndTime "13:05:56 PST"]
[Termination "Grootneus won by resignation"]

1. e4 c5 2. b4 cxb4 3. a3 b3 4.
cxb3 e5 5. Nf3 d6 6. Bc4 Be6 7. O-O Nc6 8. d4 Bxc4 9. bxc4 exd4 10. Nxd4 Nf6 11. Bf4 Be7 12. Nc3 O-O 13. Nf5 Re8 14. Bxd6 Rc8 15. e5 Bxd6 16. Nxd6 Nxe5 17. Nxe8 Qxe8 18. Re1 Rxc4 19. Nd5 Qb8 20. Ne7+ Kf8 21. Nf5 Rc6 22. Qd4 Ng6 23. Rad1 Re6 24. Qd8+ Qxd8 25.
Rxd8+ Ne8 26. Rxe6 fxe6 27. Nxg7 Kxg7 28. Rxe8 Kf6 29.
Rb8 b6 30. Rb7 1-0

[Event "*** Titled Tuesday 3|2 Blitz"]
[Site "Chess.com"]
[Date "2017.03.07"]
[Round "1"]
[White "jncool68"]
[Black "Andrejkin"]
[Result "1-0"]
[WhiteElo "2520"]
[BlackElo "2227"]
[TimeControl "180+2"]
[EndTime "13:06:00 PST"]
[Termination "jncool68 won by resignation"]

1. e4 c5 2. Nf3 d6 3. Nc3 a6 4. d4 cxd4 5. Nxd4 Nf6 6. Bg5 e6 7.
f4 Nbd7 8. Qf3 Qc7 9. O-O-O b5 10. Bd3 Bb7 11. Rhe1 b4 12. Nce2 Be7 13. g4 h6 14.
Bxf6 Bxf6 15. Kb1 Rc8 16. Qe3 Nb6 17. f5 e5 18. Nf3 O-O 19. h4 Nc4 20. Bxc4 Qxc4 21.
Ng3 d5 22. g5 d4 23. Qd3 Qxd3 24. cxd3 hxg5 25. hxg5 Be7 26. Rh1 Bd6 27. Rh3 Rfd8 28.
f6 gxf6 29. gxf6 Bf8 30. Nf5 1-0

[Event "*** Titled Tuesday 3|2 Blitz"]
[Site "Chess.com"]
[Date "2017.03.07"]
[Round "1"]
[White "Fandorine"]
[Black "1e41-0"]
[Result "1-0"]
[WhiteElo "2602"]
[BlackElo "2306"]
[TimeControl "180+2"]
[EndTime "13:06:11 PST"]
[Termination "Fandorine won by checkmate"]

1. e4 e6 2. d4 d5 3. Bd3 Be7 4.
Nf3 Nf6 5. e5 Nfd7 6. O-O c5 7.
c3 Nc6 8. Nbd2 g5 9. dxc5 g4 10. Nd4 Ndxe5 11. N2b3 Nxd3 12. Qxd3 e5 13. Nc2 e4 14.
Qe2 Ne5 15. Bf4 Nd3 16. Be3 Ne5 17. Kh1 Qc7 18. Bf4 f6 19. Rad1 Be6 20. Nbd4 Bd7 21. b4 a6 22. Ne3 Bc6 23. Nxg4 Rg8 24. Nxe5 fxe5 25. Qh5+ Rg6 26. Bxe5 Qd7 27. Qxh7 Qg4 28. Bg3 Bf6 29. f3 exf3 30. gxf3 Qg5 31. Rde1+ Be7 32.
Rxe7+ Qxe7 33. Qxg6+ Kd7 34. Qg4+ Ke8 35. Re1 Qxe1+ 36.
Bxe1 Kf7 37. Qe6+ Kg7 38. Bg3 Re8 39. Be5+ Kh7 40. Qf7+ Kh6 41. Bf4# 1-0

[Event "*** Titled Tuesday 3|2 Blitz"]
[Site "Chess.com"]
[Date "2017.03.07"]
[Round "1"]
[White "Hikaru"]
[Black "Lupul_Cenusiu"]
[Result "1-0"]
[WhiteElo "2901"]
[BlackElo "2400"]
[TimeControl "180+2"]
[EndTime "13:06:24 PST"]
[Termination "Hikaru won by checkmate"]

1. b3 d6 2. Bb2 Nd7 3. d4 Ngf6 4.
Nf3 c6 5. e3 g6 6. Be2 Bg7 7. O-O O-O 8. c4 a5 9. Nc3 Qc7 10. Rc1 Re8 11. d5 Nc5 12. Nd4 Bd7 13. Bf3 Qb6 14. dxc6 bxc6 15. Ba3 Rac8 16. Qd2 Red8 17.
Rfd1 h5 18. h3 Be8 19. e4 Nfd7 20. Qe3 Kh7 21. Be2 Bh6 22. Qf3 Na6 23. Rb1 Nb4 24. Bc1 Bxc1 25. Rbxc1 Qc5 26. Qg3 e5 27. Nf3 Nf6 28.
Qg5 Kg7 29. Nh4 Nh7 30. Qg3 Kf8 31. Bxh5 gxh5 32. Nf5 Bd7 33. Qg7+ Ke8 34. Nxd6+ Ke7 35. Qxf7# 1-0

[Event "*** Titled Tuesday 3|2 Blitz"]
[Site "Chess.com"]
[Date "2017.03.07"]
[Round "1"]
[White "SCIM"]
[Black "Izoria123"]
[Result "0-1"]
[WhiteElo "2289"]
[BlackElo "2565"]
[TimeControl "180+2"]
[EndTime "13:06:26 PST"]
[Termination "Izoria123 won by checkmate"]

1. d4 d6 2. c4 e5 3. Nc3 exd4 4.
Qxd4 Nc6 5. Qd2 Nf6 6. b3 Be6 7. Bb2 d5 8. cxd5 Nxd5 9. e4 Nxc3 10. Bxc3 Qxd2+ 11. Bxd2 O-O-O 12. Nf3 Nb4 13. Rc1 Nxa2 14. Ra1 Bxb3 15. Be2 Rxd2 16. Kxd2 Bb4+ 17. Ke3 Bc5+ 18. Kf4 Nc3 19. Bd3 Rd8 20. Bb1 Ne2+ 21. Kg4 Be6+ 22.
Kh5 Nf4+ 23. Kg5 Nxg2 24. e5 Be7+ 25. Kh5 Nf4# 0-1

[Event "*** Titled Tuesday 3|2 Blitz"]
[Site "Chess.com"]
[Date "2017.03.07"]
[Round "1"]
[White "Vamostodorecto"]
[Black "sergiochess83"]
[Result "1-0"]
[WhiteElo "2393"]
[BlackElo "2687"]
[TimeControl "180+2"]
[EndTime "13:06:30 PST"]
[Termination "Vamostodorecto won on time"]

1. d4 Nf6 2. c4 g6 3. Nc3 d5 4. Bg5 Ne4 5. Nxe4 dxe4 6. Qd2 Bg7 7. e3 c5 8. d5 Nd7 9. Ne2 Nf6 10.
Nc3 Bf5 11. h3 h5 12. Be2 Qd7 13. O-O-O O-O-O 14. Nb5 a6 15. Qa5 Ne8 16. Na7+ Kb8 17. Nc6+ Kc8 18. Nxe7+ Kb8 19. Nc6+ 1-0

[Event "*** Titled Tuesday 3|2 Blitz"]
[Site "Chess.com"]
[Date "2017.03.07"]
[Round "1"]
[White "Outsmiter"]
[Black "swayamsm"]
[Result "1-0"]
[WhiteElo "2089"]
[BlackElo "2437"]
[TimeControl "180+2"]
[EndTime "13:06:32 PST"]
[Termination "Outsmiter won by checkmate"]

1. e4 e6 2. d4 d5 3. exd5 exd5 4.
Nf3 Nf6 5. c4 Nc6 6. Nc3 Bb4 7.
h3 O-O 8. Be3 Re8 9. Bd3 dxc4 10. Bxc4 Ne4 11. O-O Bxc3 12. bxc3 Qf6 13. Qc2 Bxh3 14. d5 Bxg2 15. Kxg2 Qg6+ 16. Ng5 Na5 17. Bd3 f5 18. Rh1 h6 19. Rag1 Nxg5 20. Kf1 Qf6 21. Bxg5 hxg5 22. Bxf5 Re5 23. Be6+ Rxe6 24. dxe6 Rf8 25.
Qh7# 1-0

[Event "*** Titled Tuesday 3|2 Blitz"]
[Site "Chess.com"]
[Date "2017.03.07"]
[Round "1"]
[White "rithwik2002"]
[Black "LawrenceTrent"]
[Result "1-0"]
[WhiteElo "1807"]
[BlackElo "2369"]
[TimeControl "180+2"]
[EndTime "13:06:46 PST"]
[Termination "rithwik2002 won by resignation"]

1. d4 Nf6 2. Bf4 c5 3. e3 Nc6 4. Nf3 e6 5. h3 Be7 6. c3 O-O 7. Nbd2 b6 8. Bd3 Bb7 9. Qe2 Rc8 10. O-O d5 11. Rad1 Bd6 12. Bxd6 Qxd6 13. e4 dxe4 14. Nxe4 Nxe4 15. Qxe4 g6 16. Qh4 Qe7 17.
Ng5 f6 18. Nxe6 Qxe6 19. d5 Qf7 20. dxc6 g5 21. Qxh7+ Qxh7 22. Bxh7+ Kxh7 23. Rd7+ Kg6 24. cxb7 Rb8 25. Re1 Rf7 26. Ree7 Rxe7 27. Rxe7 f5 28. g4 fxg4 29. hxg4 Kf6 30. Rc7 Ke5 31. Kg2 Kf4 32.
f3 a5 33. Re7 1-0

[Event "*** Titled Tuesday 3|2 Blitz"]
[Site "Chess.com"]
[Date "2017.03.07"]
[Round "1"]
[White "platy3"]
[Black "macko06"]
[Result "1-0"]
[WhiteElo "2588"]
[BlackElo "2316"]
[TimeControl "180+2"]
[EndTime "13:06:52 PST"]
[Termination "platy3 won by resignation"]

1. e4 e5 2. Nf3 Nc6 3. Bb5 a6 4. Ba4 Nf6 5. O-O Be7 6. Re1 b5 7.
Bb3 d6 8. c3 O-O 9. h3 Bb7 10.
d4 Nd7 11. Nbd2 exd4 12. cxd4 Bf6 13. Nf1 Na5 14. Bc2 Re8 15. Ng3 g6 16. Bh6 Nc4 17. a4 Nxb2 18. Qb1 Nc4 19. axb5 axb5 20. Qxb5 Ncb6 21.
Rad1 Ba6 22. Qb1 Rb8 23. Qc1 Qc8 24. Qf4 Bc4 25. h4 c5 26. e5 Nd5 27. Qg4 Nc3 28. exf6 Nxd1 29. Rxd1 Nxf6 30. Qg5 Qe6 31. Re1 1-0

[Event "*** Titled Tuesday 3|2 Blitz"]
[Site "Chess.com"]
[Date "2017.03.07"]
[Round "1"]
[White "David_Klein"]
[Black "Wolverine_master"]
[Result "1-0"]
[WhiteElo "2429"]
[BlackElo "1943"]
[TimeControl "180+2"]
[EndTime "13:06:52 PST"]
[Termination "David_Klein won on time"]

1. e4 c5 2. Nf3 d6 3. d4 cxd4 4.
Nxd4 Nf6 5. Nc3 a6 6. h3 e5 7. Nde2 Be6 8. g4 Be7 9. f4 h6 10. f5 Bd7 11. Bg2 Nc6 12. Be3 Nh7 13. O-O Nf6 14.
Bf3 O-O 15. Kg2 Re8 16. Rh1 Bf8 17. h4 g6 18. g5 Nh7 19. f6 h5 20. Nd5 Be6 21. c3 Bxd5 22. Qxd5 Qa5 23. Rad1 Qb5 24. Qb3 Qxb3 25. axb3 Na5 26. Nc1 b5 27. Rd5 Rab8 28.
Rhd1 Rec8 29. Be2 Nb7 30. b4 Nd8 31. Nb3 Ne6 32. Ra1 Nc7 33. Rd2 Rd8 34. Bf3 Rd7 35. Na5 Rbd8 36. Nc6 Re8 37. Kf2 Ne6 38. Rxa6 Nd8 39. Nxd8 Rexd8 40. Rd5 Rb7 41. Be2 Rdb8 42. Ke1 Kh8 43. Kd2 Kg8 44. Kc2 Kh8 45. Kb3 Kg8 46.
Ra5 1-0

[Event "*** Titled Tuesday 3|2 Blitz"]
[Site "Chess.com"]
[Date "2017.03.07"]
[Round "1"]
[White "Incognito_Knight"]
[Black "Dlugy"]
[Result "1/2-1/2"]
[WhiteElo "2371"]
[BlackElo "2670"]
[TimeControl "180+2"]
[EndTime "13:06:53 PST"]
[Termination "Game drawn by repetition"]

1. e4 c5 2. Nf3 d6 3. d4 cxd4 4.
Nxd4 Nf6 5. f3 Nc6 6. c4 g6 7. Nc3 Bg7 8. Be3 O-O 9. Qd2 Nxd4 10. Bxd4 a5 11. b3 Bd7 12. Be2 Bc6 13. O-O Nd7 14.
Be3 Nc5 15. Rfc1 Qb6 16. Rab1 Rfc8 17. Rc2 Qd8 18. Bf1 h5 19. Qf2 Kh7 20. a3 Qh8 21.
Nd5 Bxd5 22. exd5 a4 23. b4 Nb3 24. Rd1 Na1 25. Ra2 Nb3 26. Rc2 Bf6 27. c5 Qe8 28. Bd3 Qd7 29. Be4 Qb5 30. c6 Kg7 31. f4 Na1 32.
Rcc1 Nb3 33. Rc2 Na1 34. Re2 Nb3 35. Rc2 Na1 36. Rcc1 Nb3 37. Rc2 Na1 1/2-1/2

[Event "*** Titled Tuesday 3|2 Blitz"]
[Site "Chess.com"]
[Date "2017.03.07"]
[Round "1"]
[White "TenisMaster"]
[Black "kikydu96"]
[Result "1-0"]
[WhiteElo "2605"]
[BlackElo "2310"]
[TimeControl "180+2"]
[EndTime "13:06:53 PST"]
[Termination "TenisMaster won by resignation"]

1. e4 c5 2. Nf3 d6 3. d4 cxd4 4.
Nxd4 Nf6 5. Nc3 a6 6. Be3 e5 7.
Nb3 Be7 8. h3 Be6 9. f4 b5 10.
f5 Bd7 11. Qf3 Bc6 12. O-O-O b4 13. Nd5 Bxd5 14. exd5 a5 15. Kb1 a4 16. Bb5+ Kf8 17. Nd2 Qa5 18. Bc4 Nbd7 19. g4 e4 20. Qe2 Nxd5 21.
Nxe4 Nc3+ 22. bxc3 bxc3 23. Ka1 Rb8 24. Rb1 d5 25.
Rxb8+ Nxb8 26. Rb1 Nd7 27. f6 gxf6 28. Bh6+ Kg8 29. Nxf6+ Bxf6 30. Qe8+ 1-0

[Event "*** Titled Tuesday 3|2 Blitz"]
[Site "Chess.com"]
[Date "2017.03.07"]
[Round "1"]
[White "Mischuk_D"]
[Black "Makalexa"]
[Result "1-0"]
[WhiteElo "2467"]
[BlackElo "2112"]
[TimeControl "180+2"]
[EndTime "13:07:00 PST"]
[Termination "Mischuk_D won by resignation"]

1. e4 e5 2. Nf3 Nc6 3. d4 exd4 4.
Nxd4 Qh4 5. Nb5 Qxe4+ 6. Be2 Kd8 7. O-O a6 8. N5c3 Qe5 9. Nd2 Bc5 10. Nf3 Qe8 11.
Nd5 Nge7 12. Bf4 d6 13. Re1 Nxd5 14. Qxd5 Be6 15. Qg5+ Kc8 16. Qxg7 b6 17. Ng5 Rg8 18. Qh6 Rg6 19. Qh4 Kb7 20. Bf3 Qd7 21. c3 Rag8 22.
b4 h6 23. Nxe6 fxe6 24. bxc5 dxc5 25. Rad1 Qf7 26. Bg3 e5 27. Bd5 Qg7 28. Bxg8 Rg4 29. Qh5 Qxg8 30. Qf5 h5 31. h3 Rg5 32. Qe4 Qe6 33. a4 Ka7 34. Qd5 1-0

[Event "*** Titled Tuesday 3|2 Blitz"]
[Site "Chess.com"]
[Date "2017.03.07"]
[Round "1"]
[White "rubhani"]
[Black "Keranke"]
[Result "0-1"]
[WhiteElo "2394"]
[BlackElo "2724"]
[TimeControl "180+2"]
[EndTime "13:07:01 PST"]
[Termination "Keranke won by resignation"]

1. e4 g6 2. d4 Bg7 3. Nc3 d6 4.
Be3 a6 5. f3 b5 6. Qd2 Nd7 7. h4 h6 8. g4 Bb7 9. Nh3 c5 10. dxc5 Nxc5 11. Bd4 Bxd4 12. Qxd4 e5 13. Qd2 Qxh4+ 14. Nf2 Qe7 15. b4 Ne6 16. a4 Nd4 17. Rh3 bxa4 18. Bc4 Rc8 19. Bd5 Nf6 20. Bxb7 Qxb7 21.
Rxa4 Rxc3 22. Qxc3 Qb5 23. Nd3 Qxa4 24. g5 Qd7 25.
gxf6 Qxh3 26. Qc7 O-O 0-1

[Event "*** Titled Tuesday 3|2 Blitz"]
[Site "Chess.com"]
[Date "2017.03.07"]
[Round "1"]
[White "oggy1984"]
[Black "ChadaevNikolay"]
[Result "0-1"]
[WhiteElo "2349"]
[BlackElo "2635"]
[TimeControl "180+2"]
[EndTime "13:07:03 PST"]
[Termination "ChadaevNikolay won by resignation"]

1. e4 c5 2. Nf3 e6 3. d4 cxd4 4. Nxd4 a6 5. Nc3 b5 6. g3 Bb7 7.
Bg2 d6 8. O-O Nd7 9. h3 Qc7 10.
Re1 Be7 11. Qg4 Bf6 12. Be3 Ne5 13. Qe2 Ne7 14. Rad1 O-O 15. g4 Nc4 16. Bc1 Qb6 17. Nb3 Rac8 18. Kh1 Nxb2 19. Bxb2 Bxc3 20. Bxc3 Rxc3 21.
Qd2 Qc7 22. Qxd6 Rxc2 23. Qxc7 Rxc7 24. Na5 e5 25. Nxb7 Rxb7 26. Rd6 a5 27. Rc1 Ng6 28. Rc5 a4 29. Bf1 b4 30. Bc4 b3 31. axb3 axb3 32. Rd1 b2 33. Rb1 Rfb8 34. Bd5 Ra7 35. Rc2 Ra1 0-1

[Event "*** Titled Tuesday 3|2 Blitz"]
[Site "Chess.com"]
[Date "2017.03.07"]
[Round "1"]
[White "Saitama_Hero"]
[Black "VerdeNotte"]
[Result "0-1"]
[WhiteElo "2229"]
[BlackElo "2523"]
[TimeControl "180+2"]
[EndTime "13:07:06 PST"]
[Termination "VerdeNotte won by resignation"]

1. Nf3 c5 2. g3 Nc6 3. Bg2 e5 4.
O-O d5 5. d3 Be7 6. e4 d4 7. a4 Be6 8. Na3 g5 9. Nc4 Bf6 10.
Nfd2 Nge7 11. a5 Ng6 12. Nb3 Qe7 13. Qh5 O-O-O 14. Bh3 Kb8 15. Bxe6 fxe6 16. Bd2 Rhg8 17. Kh1 Rdf8 18. f3 h6 19. c3 Rf7 20. Rac1 Rfg7 21.
cxd4 exd4 22. Na3 Be5 23. Nxc5 Bd6 24. b4 Nge5 25. Nc4 Bxc5 26. Nxe5 Nxe5 27. Rxc5 Nxd3 28. Rc4 e5 29. Qxh6 Rh7 0-1